 Dungeon Crawl Stone Soup version 0.18-a0-750-g37044d6 (webtiles) character file.

184 tof the Vexing (level 5, -2/28 HPs)
             Began as a Deep Elf Enchanter on Dec 12, 2015.
             Was an Initiate of Sif Muna.
             Slain by a gnoll
             ... wielding a +0 spear
              (4 damage)
             ... on level 3 of the Dungeon.
             The game lasted 00:30:41 (3600 turns).

tof the Vexing (Deep Elf Enchanter)                 Turns: 3600, Time: 00:30:42

Health: -2/28      AC:  4    Str:  5    XL:     5   Next: 36%
Magic:  4/13       EV: 14    Int: 21    God:    Sif Muna [......]
Gold:   127        SH:  0    Dex: 15    Spells: 4 memorised, 2 levels left

rFire  . . .     SeeInvis .     q - +0 short sword (vamp)
rCold  . . .     Clarity  .     b - +2 robe
rNeg   . . .     SustAt   .     (no shield)
rPois  .         Gourm    .     (no helmet)
rElec  .         Spirit   .     (no cloak)
rCorr  .         Dismiss  .     (no gloves)
rMut   .         Stasis   .     (no boots)
MR     .....                    (no amulet)
Stlth  +++.......               (no ring)
                                (no ring)

@: not resistant to hostile enchantments, fairly stealthy
A: no striking features
a: Renounce Religion


You were on level 3 of the Dungeon.
You worshipped Sif Muna.
Sif Muna was noncommittal.
You were not hungry.

You visited 1 branch of the dungeon, and saw 3 of its levels.

You collected 127 gold pieces.

Inventory:

Hand Weapons
 a - a +1 dagger
 e - a +1 short sword of electrocution
 q - a +0 vampiric short sword (weapon)
Armour
 b - a +2 robe (worn)
Jewellery
 o - an uncursed ring of positive energy {unknown}
Wands
 j - a wand of digging (12)
 m - a wand of invisibility (5)
Scrolls
 g - a scroll of remove curse
 h - 2 scrolls of enchant armour
Potions
 i - a potion of curing
Books
 c - a book of Maledictions

   Spells                             Type                      Level
   a - Corona                         Hexes                        1
   b - Ensorcelled Hibernation        Hexes/Ice                    2
   c - Confuse                        Hexes                        3
   d - Tukima's Dance                 Hexes                        3
   e - Dazzling Spray                 Conjuration/Hexes            3
Comestibles
 d - a bread ration
 f - 3 beef jerkies
 n - a chunk of flesh


   Skills:
 + Level 0.7 Fighting
 + Level 1.6 Short Blades
 + Level 3.8 Dodging
 + Level 4.3 Stealth
 + Level 4.4 Spellcasting
 + Level 5.5 Hexes


You had 2 spell levels left.
You knew the following spells:

 Your Spells              Type           Power        Failure   Level  Hunger
a - Corona                Hex            ####...      1%          1    None
b - Dazzling Spray        Conj/Hex       ###.....     14%         3    ##.....
c - Confuse               Hex            ####....     3%          3    ##.....
d - Tukima's Dance        Hex            ####....     3%          3    ##.....


Dungeon Overview and Level Annotations

Branches:
Dungeon (3/15)

Altars:
Ashenzari
Qazlal
Sif Muna
The Shining One


Message History

The gnoll misses you.
You closely miss the gnoll.
The gnoll is severely wounded.
The gnoll completely misses you.
The gnoll hits you from afar with a spear.
* * * LOW HITPOINT WARNING * * *
Unknown command.
Some of the chunks of flesh in your inventory have rotted away.
Casting: Confuse
Confirm with . or Enter, or press ? or * to list all spells.
You don't know that spell.
Casting: Confuse
Confirm with . or Enter, or press ? or * to list all spells.
Aiming: Confuse
Press: ? - help, Shift-Dir - straight line, f - gnoll
Aim: a gnoll, wielding a spear (lightly wounded, chance to defeat MR: 65%)
The gnoll struggles to resist.
The gnoll hits you.
* * * LOW HITPOINT WARNING * * *
The gnoll hits you from afar with a spear.
You die...

#.#########................#
#.# #................# #.#
#................# #.#
#................# #.#
#................#.. #.#
#................#.. #. .
#................#..
....###########......#..
.......@gg...##g.....#..
....########..#......#.. .
#................
#.####.......(#..
#.#####..........
#..............(#
#.#.###.######..# #.#.# #..
#..# #.#.# ##.# #..#


You could see 2 gnolls.

Vanquished Creatures
  Terence (D:3)
  Jessica (D:2)
  A gnoll (D:3)
  4 adders
  A giant gecko (D:1)
  3 orcs (D:3)
  A ball python (D:2)
  14 bats
  4 giant cockroaches
  14 hobgoblins
  7 kobolds
  A quokka (D:2)
  5 giant newts
  12 goblins
  3 rats (D:2)
72 creatures vanquished.

Vanquished Creatures (collateral kills)
  An orc priest (D:3)
  3 orcs (D:3)
  A goblin (D:3)
  A kobold (D:3)
6 creatures vanquished.

Grand Total: 78 creatures vanquished

Notes
Turn   | Place    | Note
--------------------------------------------------------------
     0 | D:1      | tof the Deep Elf Enchanter began the quest for the Orb.
     0 | D:1      | Reached XP level 1. HP: 10/10 MP: 6/6
   465 | D:1      | Reached XP level 2. HP: 13/15 MP: 6/8
  1180 | D:1      | Reached XP level 3. HP: 16/19 MP: 8/10
  1830 | D:2      | Learned a level 3 spell: Dazzling Spray
  1834 | D:2      | Learned a level 3 spell: Confuse
  2307 | D:2      | Found a stormy altar of Qazlal.
  2316 | D:2      | Reached XP level 4. HP: 22/24 MP: 1/11
  2437 | D:2      | Noticed Jessica
  2446 | D:2      | Killed Jessica
  2446 | D:2      | Reached skill level 5 in Hexes
  2740 | D:2      | Found a deep blue altar of Sif Muna.
  2749 | D:2      | Became a worshipper of Sif Muna the Loreminder
  2766 | D:2      | Learned a level 3 spell: Tukima's Dance
  2934 | D:3      | Found a glowing golden altar of the Shining One.
  2934 | D:3      | Found a shattered altar of Ashenzari.
  3141 | D:3      | Noticed Terence
  3148 | D:3      | Killed Terence
  3148 | D:3      | Reached XP level 5. HP: 26/28 MP: 9/13
  3600 | D:3      | Slain by a gnoll

Vault maps used:
D:1:      lordsloth_arrival_two_stooges, minivault_14, st_stairs_1,
          hangedman_decor_growths
D:2:      nicolae_overflow_crystal_walls, overflow_temple_1_default,
          uniq_jessica
D:3:      gammafunk_temple_overflow_elements, vehumet_altar_wand_db,
          uniq_terence

Action                   |  1- 3 |  4- 6 || total
-------------------------+-------+-------++-------
Melee: Dagger            |   166 |       ||   166
       Short sword       |    11 |    87 ||    98
 Cast: Corona            |    32 |     2 ||    34
       Confuse           |     7 |     7 ||    14
       Dazzling Spray    |     3 |     1 ||     4
       Tukima's Dance    |       |     8 ||     8
  Use: Scroll            |     3 |     1 ||     4
       Potion            |     3 |     3 ||     6
 Stab: Confused          |     2 |     2 ||     4
       Sleeping          |     1 |     5 ||     6
  Eat: Beef jerky        |     1 |       ||     1
       Chunk             |     1 |     1 ||     2
       Meat ration       |     1 |     1 ||     2
       Pizza             |       |     1 ||     1
